 Dungeon Crawl Stone Soup version 0.31-a0-237-g2d982f9f85 (webtiles) character file.

Game seed: 3030637612442536385

400 vineage the Cudgeller (level 6, -5/40 HPs)
             Began as a Gargoyle Fighter on July 11, 2023.
             Slain by an ogre
             ... wielding a +0 giant club
              (20 damage)
             ... on level 4 of the Dungeon.
             The game lasted 00:03:16 (3132 turns).

vineage the Cudgeller (Gargoyle Fighter)            Turns: 3132, Time: 00:03:16

Health: -5/40      AC: 15    Str: 22    XL:     6   Next: 84%
Magic:  6/6        EV:  6    Int:  8    God:
Gold:   414        SH:  5    Dex:  9    Spells: 5/5 levels left

rFire   . . .        b - +3 hand axe (venom)
rCold   . . .        c - +1 buckler
rNeg    + . .        g - +0 plate armour
rPois   ∞            (no helmet)
rElec   +            (no cloak)
rCorr   +            (no gloves)
SInv    .            (no boots)
Will    .....        p - amulet of magic regeneration Stlth
                     f - ring of resist corrosion
HPRegen 0.26/turn    (no ring)
MPRegen 0.50/turn

%: no passive effects
@: no status effects
A: sickness immunity, AC +4, negative energy resistance 1, electricity
resistance, torment resistance 1, petrification resistance
a: no special abilities


You were on level 4 of the Dungeon.
You visited 1 branch of the dungeon, and saw 4 of its levels.

You collected 414 gold pieces.

Inventory:

Hand Weapons
 a - a +0 flail
 b - a +3 hand axe of venom (weapon)
Armour
 c - a +1 buckler (worn)
 g - a +0 plate armour (worn)
Jewellery
 f - a ring of resist corrosion (left hand)
 m - a ring of ice
 p - an amulet of magic regeneration (around neck)
Wands
 n - a wand of paralysis (12)
Scrolls
 h - a scroll of identify
 i - 6 scrolls of vulnerability
 j - a scroll of summoning
 o - a scroll of fear {unknown}
 q - a scroll of revelation
 r - a scroll of acquirement {unknown}
Potions
 d - a potion of might
 e - a potion of curing
 k - 2 potions of resistance
 l - a potion of enlightenment {unknown}


   Skills:
 + Level 5.3 Fighting
 * Level 5.9 Maces & Flails
 - Level 3.2 Armour
 - Level 3.2 Shields


You had 5 spell levels left.
You didn't know any spells.
Your spell library contained the following spells:

 Spells                   Type           Power      Damage    Failure   Level
 Lesser Beckoning         Tloc           0%         N/A       100%        2
 Gell's Gravitas          Tloc           0%         N/A       100%        3
 Teleport Other           Tloc           0%         N/A       100%        3


Dungeon Overview and Level Annotations

Branches:
Dungeon (4/15)
 Temple: D:4-7

Altars:
Fedhas
Qazlal
Uskayaw
Vehumet
Zin
The Shining One

Annotations:
D:4 3 runed translucent doors, Losyloc's ghost, amateur OpCK


Innate Abilities, Weirdness & Mutations

You are immune to sickness and miasma.
Your stone body is resilient. (AC +4)
You are immune to poison.
You resist negative energy. (rN+)
You are resistant to electric shocks. (rElec)
You are resistant to unholy torment.
You are immune to petrification.


Message History

No target in view!
No target in view!
No target in view!
You now have 414 gold pieces (gained 6).
Found an escape hatch in the floor.
There is an escape hatch in the floor here.
h - a scroll of identify An ogre comes into view.
It is wielding a +0 giant club.
You see here 2 blue potions.
The ogre hits you with a +0 giant club.
You hit the ogre.
The ogre is poisoned.
The ogre is lightly wounded.
The ogre barely misses you.
You hit the ogre.
The ogre looks as sick as possible!
The ogre is moderately wounded.
The ogre hits you with a +0 giant club!
You completely miss the ogre.
The ogre is moderately wounded.
You hit the ogre.
The ogre looks as sick as possible!
The ogre is moderately wounded.
The ogre hits you with a +0 giant club!
You are too injured to fight recklessly!
You are too injured to fight recklessly!
You are too injured to fight recklessly!
You are too injured to fight recklessly!
You are too injured to fight recklessly!
You are too injured to fight recklessly!
You are too injured to fight recklessly!
You are too injured to fight recklessly!
You are too injured to fight recklessly!
You are too injured to fight recklessly!
You are too injured to fight recklessly!
You hit the ogre.
The ogre looks as sick as possible!
The ogre is heavily wounded.
The ogre closely misses you.
You see here 2 blue potions.
The ogre attacks as you move away!
The ogre hits you with a +0 giant club!!
Ouch! That really hurt!
You die...

#...#.......###......') ≈≈≈
#...#......## ##.....#)
≈≈≈≈#...###################
≈≈≈≈#####≈≈≈≈≈≈≈≈≈≈≈≈≈≈≈≈≈≈
≈≈≈≈≈≈≈≈≈≈~≈~≈≈≈≈~≈≈≈≈≈≈≈≈≈
~≈~~≈~~~≈~~~~~≈~~~~~≈≈~~≈~≈
.~~.~~~.~~..~~~~~~~.~~~.~~~
...........................
.........O@................
########.#####..########...
#.# #.## #.## ..# #..# ##
#.## ##.### #.##
...#####....# ###.##
###........#.####.....
#.#####.#..##.......
##.#.>.......#


You could see an ogre (extremely poisoned).

Vanquished Creatures
  A scorpion (D:4)
  A jelly (D:4)
  A hound (D:4)
  An orc priest (D:3)
  4 gnolls (D:4)
  7 adders
  3 worms
  2 dart slugs
  4 orcs (D:3)
  3 endoplasms
  2 giant cockroaches
  37 goblins
  27 hobgoblins
  2 jackals (D:2)
  6 kobolds
  2 quokkas
  3 ball pythons
  3 bats
  4 frilled lizards
  8 rats
121 creatures vanquished.

Notes
Turn   | Place    | Note
-------+----------+-------------------------------------------
     0 | D:1      | vineage the Gargoyle Fighter began the quest for the Orb.
     0 | D:1      | Reached XP level 1. HP: 14/14 MP: 1/1
   395 | D:1      | Reached XP level 2. HP: 19/19 MP: 2/2
   891 | D:2      | Reached XP level 3. HP: 24/24 MP: 3/3
  1044 | D:2      | Found a faded altar of an unknown god.
  1171 | D:2      | Reached XP level 4. HP: 29/29 MP: 4/4
  1759 | D:3      | Reached XP level 5. HP: 34/34 MP: 5/5
  1807 | D:3      | Found a glowing silver altar of Zin.
  2252 | D:4      | Found a runed translucent gate.
  2252 | D:4      | Found a runed translucent gate.
  2252 | D:4      | Noticed Losyloc's ghost (amateur OpCK)
  2253 | D:4      | Found a runed translucent gate.
  2373 | D:4      | Found a radiant altar of Vehumet.
  2445 | D:4      | Found a glowing golden altar of the Shining One.
  2686 | D:4      | Reached skill level 5 in Maces & Flails
  2702 | D:4      | Reached skill level 5 in Fighting
  2702 | D:4      | Reached XP level 6. HP: 36/40 MP: 6/6
  3038 | D:4      | Found a stormy altar of Qazlal.
  3038 | D:4      | Found a hide-covered altar of Uskayaw.
  3039 | D:4      | Found a blossoming altar of Fedhas.
  3132 | D:4      | Slain by an ogre

Illustrated notes

Levels and vault maps discovered:
D:1:      wander_arrival_fairy_ring, layout_loops_ring
D:2:      layout_loops_ring, ebering_ecumenical_altar_sacrificial
D:3:      layout_rooms, mainiacjoe_overflow_six_doors_small
D:4:      minmay_goblin_kobold_castle, layout_loops_cross,
          chequers_temple_overflow_statue_of_worship,
          lemuel_coloured_pillars_altar, ebering_ghost_rock_garden

Skill      XL: |  1  2  3  4  5 |
---------------+----------------+-----
Maces & Flails | 3 4 5 |  5.9
Fighting       | 4 5 |  5.3
Armour         | |  3.2
Shields        | |  3.2

Action                     |  1- 3 |  4- 6 || total
---------------------------+-------+-------++-------
  Melee: Flail             |    19 |       ||    19
         Hand axe          |    62 |   177 ||   239
    Use: Scroll            |     4 |     7 ||    11
         Potion            |       |     2 ||     2
 Armour: Plate armour      |    50 |   135 ||   185
         Scale mail        |     8 |       ||     8
  Dodge: Dodged            |    21 |    64 ||    85
  Block: Buckler           |    12 |    52 ||    64

Table legend: (Time is in decaauts)
 A = Elapsed time spent in this place.
 B = Non-inter-level travel time spent in this place.
 C = Inter-level travel time spent in this place.
 D = Time resting spent in this place.
 E = Time spent auto-exploring this place.
 F = Levels seen in this place.
 G = Mean time per level.
                   A        B        C        D        E       F      G
               +--------+--------+--------+--------+--------+-----+--------+
         Total |   3192 |   3103 |     89 |    365 |   2125 |   4 |  798.0 |
       Dungeon |   3192 |   3103 |     89 |    365 |   2125 |   4 |  798.0 |
               +--------+--------+--------+--------+--------+-----+--------+

Top non-repeatable levels by time:
     D:4: 948 daAuts
     D:3: 821 daAuts
     D:2: 738 daAuts
     D:1: 684 daAuts
